 Dungeon Crawl Stone Soup version 0.30.1-4-g462c640d31 (webtiles) character file.

Game seed: 177993387716183283

93 ChiefBigBeans the Ducker (level 4, 0/35 HPs)
             Began as a Merfolk Gladiator on Sept 7, 2023.
             Slain by an orc
             ... wielding a +0 short sword
              (1 damage)
             ... on level 3 of the Dungeon.
             The game lasted 00:04:10 (1903 turns).

ChiefBigBeans the Ducker (Merfolk Gladiator)        Turns: 1903, Time: 00:04:10

Health: 0/35       AC:  4    Str: 14    XL:     4   Next: 61%
Magic:  4/4        EV: 13    Int:  7    God:
Gold:   87         SH:  4    Dex: 17    Spells: 3/3 levels left

rFire   . . .        j - +2 dagger (holy)
rCold   . . .        f - +0 buckler
rNeg    . . .        b - +0 leather armour
rPois   .            c - +0 helmet
rElec   .            (no cloak)
rCorr   .            (no gloves)
SInv    .            (no boots)
Will    .....        (no amulet)
Stlth   ++           (no ring)
HPRegen 0.25/turn    (no ring)
MPRegen 0.09/turn

%: no passive effects
@: no status effects
A: (nimble swimmer 2), mertail
a: no special abilities


You were on level 3 of the Dungeon.
You visited 1 branch of the dungeon, and saw 3 of its levels.

You collected 87 gold pieces.

Inventory:

Hand Weapons
 a - a +0 trident
 g - a +0 heavy short sword
 j - a +2 dagger of holy wrath (weapon)
Armour
 b - a +0 leather armour (worn)
 c - a +0 helmet (worn)
 f - a +0 buckler (worn)
Scrolls
 e - a scroll of butterflies
 i - 5 scrolls of identify
 k - a scroll of fog


   Skills:
 + Level 3.0 Fighting
 + Level 1.7 Short Blades
 - Level 4.2 Polearms
 + Level 2.7 Throwing
 + Level 4.8 Dodging
 + Level 1.6 Stealth


You had 3 spell levels left.
You didn't know any spells.
Your spell library contained the following spells:

 Spells                   Type           Power      Damage    Failure   Level
 Ensorcelled Hibernation  Hex/Ice        0%         N/A       77%         2
 Spider Form              Tmut/Pois      0%         N/A       94%         3
 Anguish                  Hex/Necr       0%         N/A       100%        4


Dungeon Overview and Level Annotations

Branches:
Dungeon (3/15)

Altars:

Shops:
D:1 (


Innate Abilities, Weirdness & Mutations

((You are very nimble when in or above water. (Stealth+, EV+, Speed+++)))
Your lower body shifts to a powerful aquatic tail in water.


Message History

You hit the bat.
You kill the bat!
The orc misses you. The orc misses you. The orc barely misses you.
Things that are here:
a +0 club; a +0 hand axe The orc attacks as you move away!
The orc hits you with a +0 trident. The orc closely misses you.
You hit the orc but do no damage. The orc closely misses you.
The orc hits you with a +0 short sword.
You barely miss the orc. The orc closely misses you.
The orc hits you with a +0 short sword.
You hit the orc but do no damage. The orc closely misses you. x2
You hit the orc but do no damage. The orc closely misses you.
You block the orc's attack.
You hit the orc but do no damage.
The orc hits you from afar with a +0 trident!
The orc hits you with a +0 short sword.
You hit the orc.
The orc is heavily wounded.
The orc misses you. The orc closely misses you.
You hit the orc but do no damage.
The orc is heavily wounded.
The orc priest casts a cantrip, but nothing happens.
You block the orc's attack. The orc hits you with a +0 short sword.
You hit the orc.
The orc is severely wounded.
The orc closely misses you. The orc hits you with a +0 short sword.
You hit the orc but do no damage.
The orc is severely wounded.
The orc priest looks encouraged for a moment.
You block the orc's attack.
The orc hits you from afar with a +0 trident!
* * * LOW HITPOINT WARNING * * *
You hit the orc but do no damage.
The orc is severely wounded.
The orc hits you from afar with a +0 trident.
* * * LOW HITPOINT WARNING * * *
The orc hits you with a +0 short sword.
You die...

#.# ..#<#
..#.# #.#.#
### #.#.#
.... #.#.##
.....#.#..#
###..w##.##
#...ooo@..#
#.#########


You could see a worm, an orc priest and 2 orcs.

Vanquished Creatures
  5 adders
  2 orcs (D:3)
  6 ball pythons
  2 endoplasms (D:2)
  2 giant cockroaches
  A goblin (D:1)
  6 hobgoblins
  4 kobolds
  3 quokkas (D:1)
  6 bats
  5 frilled lizards
  4 rats
46 creatures vanquished.

Notes
Turn   | Place    | Note
-------+----------+-------------------------------------------
     0 | D:1      | ChiefBigBeans the Merfolk Gladiator began the quest for the
                  | Orb.
     0 | D:1      | Reached XP level 1. HP: 16/16 MP: 1/1
   125 | D:1      | Found Bucwim's Weapon Emporium.
   133 | D:1      | Reached XP level 2. HP: 23/23 MP: 2/2
   881 | D:2      | Reached XP level 3. HP: 28/28 MP: 3/3
   980 | D:2      | Reached skill level 1 in Short Blades
  1029 | D:2      | Reached skill level 1 in Stealth
  1179 | D:2      | Reached XP level 4. HP: 34/34 MP: 4/4
  1903 | D:3      | HP: 1/35 [orc/+0 trident (4)]
  1903 | D:3      | Slain by an orc

Illustrated notes

Levels and vault maps discovered:
D:1:      dpeg_arrival_tiny_d, layout_loops_ring, serial_shops, shop_statue
D:2:      layout_loops_ring
D:3:      layout_basic, mainiacjoe_overflow_alcove_1, uniq_terence

Skill      XL: |  1  2  3  4 |
---------------+-------------+-----
Short Blades   | 1 |  1.7
Stealth        | 1 |  1.6
Fighting       | 3 |  3.0
Polearms       | |  4.2
Throwing       | |  2.7
Dodging        | |  4.8

Action                     |  1- 3 |  4- 6 || total
---------------------------+-------+-------++-------
  Melee: Trident           |    16 |       ||    16
         Short sword       |   110 |    16 ||   126
         Dagger            |       |    66 ||    66
  Throw: Javelin           |     8 |     1 ||     9
         Throwing net      |     2 |     2 ||     4
    Use: Scroll            |       |     6 ||     6
   Stab: Held in net/web   |     1 |       ||     1
 Armour: Leather armour    |    46 |    35 ||    81
  Dodge: Dodged            |    65 |    81 ||   146
  Block: Buckler           |    26 |    18 ||    44
